 Dungeon Crawl Stone Soup version 0.18.1-48-g4cf74bf (webtiles) character file.

97792 Charly the Unseen (level 16, -5/96 HPs)
             Began as a Kobold Assassin on Aug 30, 2016.
             Was a Follower of Ru.
             Slain by a merfolk impaler
             ... wielding a +0 trident
              (14 damage)
             ... on level 4 of the Shoals on Aug 31, 2016.
             The game lasted 04:42:24 (13810 turns).

Charly the Unseen (Kobold Assassin)                Turns: 13810, Time: 04:42:25

Health: -5/96      AC: 17    Str: 10    XL:     16   Next: 71%
Magic:  25/25      EV: 23    Int: 16    God:    Ru [*.....]
Gold:   484        SH:  7    Dex: 22    Spells: 4 memorised, 16 levels left

rFire  . . .     SeeInvis .     a - +3 dagger (elec)
rCold  + + .     Gourm    .     X - +5 scale mail of Awe {rPois rF+ Regen+}
rNeg   . . .     Faith    +     W - +0 buckler {reflect}
rPois  +         Spirit   .     z - +0 helmet
rElec  .         Dismiss  .     s - +2 cloak
rCorr  .         Reflect  +     l - +0 pair of gloves
SustAt .         Harm     .     k - +0 pair of boots
MR     +....                    i - amulet "Oluclan" {Faith +Inv rF- rC++ Dex+3}
Stlth  +++++++...               U - +3 ring of evasion
                                F - ring "Vafanute" {+Fly Int+2}

@: no scrolls, flying, very slightly contaminated, invisible (expiring),
somewhat resistant to hostile enchantments, extremely stealthy
A: carnivore 3, inability to read while threatened
a: Renounce Religion, Turn Visible


You were on level 4 of the Shoals.
You worshipped Ru.
Ru was aware of your devotion.
You were not hungry.

You visited 4 branches of the dungeon, and saw 29 of its levels.
You also visited: Ossuary, Bailey, Ice Cave and Volcano.

You collected 2897 gold pieces.
You spent 2112 gold pieces at shops.
You donated 301 gold pieces to Zin.

Inventory:

Hand Weapons
 a - a +3 dagger of electrocution (weapon)
 b - a +0 blowgun
Missiles
 e - 50 poisoned needles
 u - 5 curare-tipped needles
 v - 4 needles of sleeping
 Q - 6 needles of frenzy
Armour
 k - a +0 pair of boots (worn)
 l - a +0 pair of gloves (worn)
 s - a +2 cloak (worn)
 z - a +0 helmet (worn)
 P - a +1 leather armour of fire resistance
 W - a +0 buckler of reflection (worn)
 X - the +5 scale mail of Awe (worn) {rPois rF+ Regen+}
   (You found it on level 14 of the Dungeon)

   It protects you from fire.
   It protects you from poison.
   It increases your rate of regeneration.
Rods
 w - a +0 rod of ignition (11/11)
   (You found it on level 6 of the Dungeon)
Jewellery
 f - an uncursed ring of protection from fire
 i - the amulet "Oluclan" (around neck) {Faith +Inv rF- rC++ Dex+3}
   (You found it on level 6 of the Dungeon)

   [amulet of faith]

   It allows you to gain divine favour quickly.
   It affects your dexterity (+3).
   It makes you vulnerable to fire.
   It greatly protects you from cold.
   It lets you turn invisible.
 p - an uncursed ring of poison resistance
 C - an uncursed ring of resist corrosion
 F - the ring "Vafanute" (left hand) {+Fly Int+2}
   (You took it off a gnoll sergeant in a bailey)

   [ring of flight]

   It affects your intelligence (+2).
   It lets you fly.
 U - a +3 ring of evasion (right hand)
 Y - an uncursed ring of stealth
Wands
 q - a wand of disintegration (0/24)
 t - a wand of flame (3/48)
 x - a wand of lightning (2/15)
 N - a wand of slowing (28/48)
 Z - a wand of hasting (4/9)
Scrolls
 r - 5 scrolls of remove curse
 y - 3 scrolls of recharging
 L - 3 scrolls of magic mapping
 R - a scroll of amnesia
 S - 4 scrolls of fog
Potions
 g - 9 potions of curing
 h - a potion of haste
 m - 5 potions of brilliance
 n - 2 potions of might
 o - 3 potions of magic
 G - 3 potions of agility
 I - 3 potions of cure mutation
 J - 2 potions of resistance
 M - a potion of ambrosia
Books
 d - a book of Enchantments

   Spells                             Type                      Level
   a - Cause Fear                     Hexes                        4
   b - Yara's Violent Unravelling     Hexes/Transmutation          5
   c - Silence                        Hexes/Air                    5
   d - Deflect Missiles               Charms/Air                   6
   e - Haste                          Charms                       6
   f - Discord                        Hexes                        8
 j - Sif Muna's Papyrus of Nature
   (You found it on level 13 of the Dungeon)

   Spells                             Type                      Level
   a - Sting                          Conjuration/Poison           1
   b - Beastly Appendage              Transmutation                1
   c - Cure Poison                    Poison                       2
   d - Sticks to Snakes               Transmutation                2
   e - Spider Form                    Transmutation/Poison         3
Miscellaneous
 B - a legendary deck of defence {drawn: 2}
 D - a lamp of fire
 T - a phial of floods (inert)
Comestibles
 H - 8 meat rations
 K - 3 beef jerkies


   Skills:
 - Level 9.6 Fighting
 - Level 10.0 Short Blades
 - Level 4.4 Throwing
 - Level 13.0 Dodging
 - Level 18.1 Stealth
 - Level 3.0 Shields
 + Level 5.9 Unarmed Combat
 - Level 6.0 Spellcasting
 - Level 4.8 Conjurations
 - Level 7.3 Hexes
 + Level 5.4 Transmutations
 + Level 5.7 Earth Magic
   Level 8.8 Invocations
 - Level 11.4 Evocations


You had 16 spell levels left.
You knew the following spells:

 Your Spells              Type           Power        Failure   Level  Hunger
a - Apportation           Tloc           #.........   95%         1    None
s - Dazzling Spray        Conj/Hex       ###...       34%         3    ##.....
A - Animate Skeleton      Necr           N/A          95%         1    None
S - Statue Form           Trmt/Erth      ###......    100%        6    #######


Dungeon Overview and Level Annotations

Branches:
Dungeon (15/15)              Lair (8/8) D:8          Shoals (4/4) Lair:6
  Snake (0/4) Lair:4        Slime (0/6) Lair:6          Orc (2/2) D:12
    Elf (0/3) Orc:2        Vaults (0/5) D:14         Depths (0/5) D:15
 Temple: D:4-7

Altars:
Ashenzari
Cheibriados
Gozag
Kikubaaqudgha
Okawaru
Pakellas
Ru
Yredelemnul
Zin
Jiyva

Shops:
Orc:2 }:!=

Annotations:
D:5 Grinder, Menkaure
D:10 exclusion: downstairs
Shoals:1 Kirke
Shoals:3 exclusions: Roxanne and downstairs, Roxanne
Shoals:4 Ilsuiw
Orc:1 Saint Roka


Innate Abilities, Weirdness & Mutations

You are small and have problems with some larger weapons.
You are carnivorous and can eat meat at any time.
You cannot read scrolls while threatened.


Message History

You hear a splash.
* * * LOW HITPOINT WARNING * * *
The merfolk aquamancer struggles against the net.
You puncture the merfolk aquamancer!
The merfolk aquamancer is lightly wounded.
The death yak bellows!
The helpless merfolk aquamancer fails to defend itself.
You skewer the merfolk aquamancer like a kebab!!!!
You kill the merfolk aquamancer!
You hear a splash. x2
The merfolk impaler hits you with a trident!
* * * LOW HITPOINT WARNING * * *
The death yak bellows!
Items here: (( ) [ a rapier of draining; a robe; a throwing net x2
Unknown command.
You miss the merfolk impaler.
You flicker for a moment.
The merfolk impaler hits you with a trident!
You die...

≈≈≈≈≈≈≈≈≈≈≈≈...≈..###..≈≈≈≈≈≈≈≈≈≈
≈≈≈≈≈≈≈≈≈≈≈≈...≈.......≈≈≈≈≈≈≈≈≈≈
≈≈≈≈≈≈≈≈≈≈≈..#.!.≈≈..≈≈≈≈≈≈≈≈≈≈≈≈
≈≈≈≈≈≈≈≈.≈≈.##......≈≈≈≈≈≈≈≈≈≈≈≈≈
≈≈≈≈≈≈≈≈....###......≈≈≈≈≈≈≈≈≈≈≈≈
≈≈≈≈≈≈≈≈......(.(.≈≈≈≈≈≈≈≈W≈≈≈≈≈≈
≈≈≈≈≈≈≈≈...####≈.≈≈≈≈≈≈≈≈≈≈≈≈≈≈≈
≈≈≈≈≈≈≈≈...####≈..≈≈≈≈≈≈≈≈≈≈≈≈≈≈≈
##≈≈≈≈≈≈..((...)@..≈≈≈≈≈≈≈≈≈≈≈≈≈≈
(##≈≈≈≈≈≈<......m..≈≈.≈≈≈≈≈≈≈≈≈≈≈
..#≈≈≈≈≈≈..........≈≈≈≈≈§≈≈≈≈≈m≈≈
≈.#≈≈≈≈≈≈≈....YP..≈≈≈≈..§≈≈≈≈≈≈≈m
≈.#≈≈≈≈≈.P.≈....≈≈≈≈≈...(.≈≈≈≈≈≈≈
≈##≈≈≈H≈≈≈≈≈.Y≈≈≈≈..........≈m≈≈≈
##..≈≈≈≈≈≈≈≈.Y≈≈≈..#.........≈≈≈≈
...c.≈≈≈≈≈≈≈...≈≈.##.......m.§Y≈≈
.Y...≈≈≈≈≈≈....................≈≈


You could see a merfolk impaler, 2 death yaks and a catoblepas (wandering).

Vanquished Creatures
  Polyphemus (Shoals:4)
  The ghost of barakagiga the Bludgeoner, a journeyman OgBe of Trog (Lair:8)
  Donald (Orc:2)
  Louise (D:15)
  Maud (Orc:2)
  Nessos (Lair:8)
  5 merfolk javelineers
  3 merfolk impalers
  2 fire dragons (D:15)
  4 hydras
  4 centaur warriors
  A satyr (Shoals:4)
  5 merfolk avatars
  2 merfolk aquamancers (Shoals:4)
  6 death yaks (Lair:8)
  3 tengu warriors (D:15)
  Sonja (Lair:3)
  Urug (D:13)
  2 orc high priests (Orc:2)
  9 sea snakes
  An unseen horror (D:14)
  4 hill giants
  2 orc sorcerers (Orc:2)
  4 fauns (Shoals:3)
  7 manticores
  6 griffons
  4 cyclopes
  2 ugly things
  An elephant (D:8)
  3 sirens
  3 toenail golems (Volcano)
  2 black mambas
  3 water nymphs
  Maurice (Orc:1)
  A gargoyle (D:10)
  A torpor snail (Lair:8)
  A spiny frog (shapeshifter) (D:15)
  7 spiny frogs
  2 komodo dragons
  3 yaktaurs (D:14)
  A spriggan druid (Lair:8)
  2 trolls
  6 polar bears (Lair:8)
  2 wind drakes
  12 merfolk
  5 snapping turtles
  A two-headed ogre (Orc:1)
  20 blink frogs
  A boulder beetle (Lair:6)
  A harpy skeleton (D:15)
  A centaur simulacrum (D:15)
  5 redbacks (Lair:8)
  11 spriggans (Lair:8)
  2 water elementals (Shoals:4)
  3 fire bats (Lair:4)
  A shadow (D:8)
  2 basilisks
  25 yaks
  A vampire (D:11)
  3 wraiths
  14 hippogriffs
  6 humans (Volcano)
  3 vampire mosquitoes (D:15)
  2 hungry ghosts
  4 wargs
  A soldier ant (D:14)
  10 water moccasins
  22 orc warriors
  2 porcupines
  3 black bears
  3 phantoms (D:6)
  An eye of draining (D:14)
  2 sky beasts
  A black bear (shapeshifter) (D:14)
  A wasp (Lair:8)
  18 ice beasts
  13 ogres
  23 wolves
  3 centaurs
  8 crocodiles
  12 big kobolds (D:8)
  12 giant frogs
  2 elf zombies (Ossuary)
  8 gnoll sergeants (Bailey)
  A wyvern skeleton (D:9)
  2 scorpions
  2 wights (D:13)
  9 killer bees
  3 centaur zombies
  5 crimson imps
  6 hounds
  3 jellies
  3 giant frog skeletons
  6 gnoll shamans (Bailey)
  A human zombie (Ossuary)
  30 orc priests
  4 centaur skeletons
  5 iguanas
  7 worker ants
  28 orc wizards
  23 sheep
  A big kobold zombie (Ossuary)
  A hound zombie (D:10)
  2 hound skeletons
  A mummy (Ossuary)
  14 gnolls (Bailey)
  12 adders
  58 river rats
  5 shadow imps
  2 oozes
  An adder skeleton (D:8)
  A worm (D:3)
  3 dart slugs
  3 giant geckos
  60 orcs
  5 ball pythons (D:13)
  7 goblins
  4 hobgoblins
  7 jackals
  13 kobolds
  3 quokkas
  7 bats
  A giant gecko skeleton (D:5)
  4 giant newts
  2 goblin zombies (Ossuary)
  9 hobgoblin zombies (Ossuary)
  5 kobold zombies (Ossuary)
  11 orc zombies (Ossuary)
  2 rats
  A rat zombie (Ossuary)
  A plant (Lair:4)
775 creatures vanquished.

Vanquished Creatures (collateral kills)
  2 griffons
  A spriggan druid (Lair:8)
  A merfolk (Shoals:1)
  A blink frog (Lair:8)
  5 water elementals
  A water moccasin (D:13)
  A wolf (Lair:8)
  An adder (D:13)
  A shadow imp (D:10)
  An orc (D:13)
  A ball python (D:13)
  A jackal (D:13)
17 creatures vanquished.

Vanquished Creatures (others)
  A wolf (Lair:8)
  2 polar bears (Lair:8)
  A merfolk (Shoals:4)
  An orc priest (D:15)
  An orc (D:15)
  5 kobolds (D:8)
  A bush (D:13)
  36 fungi (Lair:8)
  34 plants
82 creatures vanquished.

Grand Total: 874 creatures vanquished

Notes
Turn   | Place    | Note
--------------------------------------------------------------
     0 | D:1      | Charly the Kobold Assassin began the quest for the Orb.
     0 | D:1      | Reached XP level 1. HP: 12/12 MP: 1/1
    76 | D:1      | Reached XP level 2. HP: 6/17 MP: 2/2
    98 | D:1      | Reached skill level 6 in Stealth
   211 | D:1      | Reached XP level 3. HP: 14/21 MP: 3/3
   329 | D:3      | Found an ancient bone altar of Kikubaaqudgha.
   350 | D:3      | Reached skill level 7 in Stealth
   367 | D:3      | Found a faded altar to an unknown god.
   461 | D:2      | Reached XP level 4. HP: 22/26 MP: 4/4
   470 | D:2      | Found a shattered altar of Ashenzari.
   589 | D:2      | Reached skill level 8 in Stealth
   705 | D:3      | Found an opulent altar of Gozag.
   785 | D:3      | Reached XP level 5. HP: 26/30 MP: 5/5
   906 | D:4      | Reached skill level 9 in Stealth
   913 | D:5      | Entered Level 5 of the Dungeon
   970 | D:4      | Reached XP level 6. HP: 36/36 MP: 6/6
  1107 | D:4      | Found a sand-covered staircase.
  1113 | Ossuary  | Entered an ossuary
  1308 | Ossuary  | Reached XP level 7. HP: 37/40 MP: 7/7
  1317 | Ossuary  | Reached skill level 10 in Stealth
  1493 | D:5      | Reached skill level 5 in Short Blades
  1530 | D:5      | Noticed Grinder
  1557 | D:5      | Noticed Menkaure
  1632 | D:5      | Reached XP level 8. HP: 41/45 MP: 8/8
  1754 | D:5      | Reached skill level 11 in Stealth
  1851 | D:6      | Got a clouded ivory amulet
  1852 | D:6      | Identified the amulet "Oluclan" {Faith +Inv rF- rC++ Dex+3} (You found it on level 6 of the Dungeon)
  1980 | D:6      | Reached skill level 5 in Evocations
  2125 | D:6      | Found an oddly glowing altar of Pakellas.
  2128 | D:6      | Found a glowing silver altar of Zin.
  2130 | D:6      | Reached XP level 9. HP: 49/49 MP: 13/13
  2132 | D:6      | Found a snail-covered altar of Cheibriados.
  2150 | D:6      | Became a worshipper of Zin the Law-Giver
  2150 | D:6      | Reached * piety under Zin
  2194 | D:6      | Identified a +0 rod of ignition (11/11) (You found it on level 6 of the Dungeon)
  2321 | D:8      | Donated 113 gold pieces to Zin
  2322 | D:8      | Reached ** piety under Zin
  2411 | D:8      | Noticed an elephant
  2413 | D:8      | Found a staircase to the Lair.
  2419 | D:8      | Killed an elephant
  2419 | D:8      | Reached skill level 10 in Evocations
  2516 | D:8      | Reached XP level 10. HP: 48/55 MP: 16/18
  2686 | D:8      | Found a flagged portal.
  2691 | Bailey   | Entered a bailey
  2925 | Bailey   | Reached *** piety under Zin
  2925 | Bailey   | Reached **** piety under Zin
  2925 | Bailey   | Reached ***** piety under Zin
  2925 | Bailey   | Reached ****** piety under Zin
  2938 | Bailey   | Got a clouded pewter ring
  2944 | Bailey   | Reached skill level 12 in Stealth
  3056 | D:8      | Identified the ring "Vafanute" {+Fly Int+2} (You took it off a gnoll sergeant in a bailey)
  3128 | D:10     | Entered Level 10 of the Dungeon
  3280 | D:9      | Found a sacrificial altar of Ru.
  3400 | D:10     | Noticed a hill giant
  3403 | D:10     | Noticed a hill giant
  3408 | D:10     | Reached skill level 5 in Dodging
  3411 | D:10     | Killed a hill giant
  3411 | D:10     | Reached skill level 5 in Fighting
  3413 | D:10     | Killed a hill giant
  3413 | D:10     | Reached XP level 11. HP: 64/64 MP: 19/19
  3530 | D:10     | Noticed a hill giant
  3545 | D:10     | Killed a hill giant
  3651 | D:10     | Reached skill level 13 in Stealth
  3793 | D:11     | Noticed a cyclops
  3820 | D:11     | Noticed a manticore
  3827 | D:11     | Killed a manticore
  4017 | D:11     | Found an iron altar of Okawaru.
  4172 | D:11     | Found a frozen archway.
  4174 | D:11     | Reached skill level 10 in Short Blades
  4226 | IceCv    | Entered an ice cave
  4541 | D:12     | Noticed a cyan ugly thing
  4548 | D:12     | Found a staircase to the Orcish Mines.
  4550 | D:12     | Killed a cyan ugly thing
  4554 | Orc:1    | Entered Level 1 of the Orcish Mines
  4609 | Orc:2    | Entered Level 2 of the Orcish Mines
  4775 | D:8      | Reached XP level 12. HP: 72/72 MP: 20/20
  4783 | Lair:1   | Entered Level 1 of the Lair of Beasts
  4878 | Lair:2   | Reached skill level 14 in Stealth
  4940 | Lair:3   | Noticed Sonja
  4957 | Lair:3   | Learned a level 3 spell: Dazzling Spray
  5025 | Lair:4   | Found a staircase to the Snake Pit.
  5057 | Lair:4   | Reached skill level 1 in Hexes
  5060 | Lair:4   | Reached skill level 1 in Spellcasting
  5060 | Lair:4   | Reached skill level 1 in Conjurations
  5369 | Lair:4   | Found a dark tunnel.
  5379 | Volcano  | Entered a volcano
  5626 | Lair:3   | Killed Sonja
  5821 | Lair:5   | Reached skill level 5 in Hexes
  5938 | Lair:5   | Noticed an eight-headed hydra
  5941 | Lair:6   | Found a staircase to the Shoals.
  5970 | Lair:6   | Reached XP level 13. HP: 78/78 MP: 4/21
  5998 | Lair:6   | Found a staircase to the Slime Pits.
  5998 | Lair:6   | Found a viscous altar of Jiyva.
  6140 | Lair:8   | Entered Level 8 of the Lair of Beasts
  6267 | Lair:7   | Reached skill level 5 in Spellcasting
  6329 | Lair:7   | Noticed a six-headed hydra
  6354 | Lair:8   | Noticed a seven-headed hydra
  6354 | Lair:8   | Noticed barakagiga's ghost (journeyman OgBe)
  6370 | Lair:8   | Killed barakagiga's ghost
  6372 | Lair:8   | Killed a seven-headed hydra
  6481 | Lair:8   | Reached skill level 1 in Shields
  6586 | Lair:8   | Noticed Nessos
  6604 | Lair:8   | Killed Nessos
  6870 | Lair:8   | Reached skill level 15 in Stealth
  6870 | Lair:8   | Reached XP level 14. HP: 84/84 MP: 9/23
  6987 | Lair:8   | Reached skill level 1 in Invocations
  7090 | Lair:8   | Reached skill level 10 in Dodging
  7382 | Shoals:1 | Entered Level 1 of the Shoals
  7695 | Shoals:1 | Reached skill level 16 in Stealth
  7760 | Shoals:1 | Noticed Kirke
  8116 | Shoals:3 | Reached skill level 5 in Invocations
  8291 | Shoals:4 | Entered Level 4 of the Shoals
  8440 | Shoals:4 | Reached XP level 15. HP: 79/92 MP: 21/24
  8548 | Shoals:4 | Noticed Ilsuiw
  8681 | Shoals:4 | Reached skill level 17 in Stealth
  8745 | Shoals:4 | Noticed Polyphemus
  8812 | Shoals:3 | Noticed Roxanne
  9126 | Shoals:3 | HP: 4/92 [poisoned by a sea snake]
  9132 | Shoals:3 | HP: 3/92 [poisoned by a sea snake]
  9137 | Shoals:3 | HP: 2/92 [poisoned by a sea snake]
  9142 | Shoals:3 | HP: 2/92 [poisoned by a sea snake]
  9492 | D:8      | You fall through a shaft for 3 floors!
  9573 | Orc:2    | Found a staircase to the Elven Halls.
  9807 | Orc:1    | Noticed Maurice
  9818 | Orc:1    | Killed Maurice
  9940 | Orc:2    | Noticed Maud
  9973 | Orc:2    | Noticed Saint Roka
  9980 | Orc:2    | Paralysed by an orc sorcerer for 6 turns
 10094 | Orc:2    | Killed Maud
 10284 | Orc:2    | Found Digituq's Book Emporium.
 10284 | Orc:2    | Found Jywkorar's Jewellery Shoppe.
 10411 | Orc:2    | Noticed Donald
 10424 | Orc:2    | Reached skill level 18 in Stealth
 10435 | Orc:2    | Found Caokhle's Distillery.
 10435 | Orc:2    | Found Ufelueme's Gadget Emporium.
 10472 | Orc:2    | Killed Donald
 10572 | Orc:2    | Bought a book of Enchantments for 600 gold pieces
 10572 | Orc:2    | Bought a book of the Earth for 780 gold pieces
 10572 | Orc:2    | Bought a book of Cantrips for 240 gold pieces
 10573 | Orc:2    | Bought a +3 ring of evasion for 252 gold pieces
 10574 | Orc:2    | Bought 2 potions of curing for 96 gold pieces
 10574 | Orc:2    | Bought a potion of curing for 48 gold pieces
 10574 | Orc:2    | Bought a potion of curing for 48 gold pieces
 10574 | Orc:2    | Bought a potion of curing for 48 gold pieces
 10627 | Orc:2    | Reached skill level 1 in Unarmed Combat
 10635 | Orc:2    | Noticed a stone giant
 10840 | D:9      | Fell from the grace of Zin
 10840 | D:9      | Became a worshipper of Ru the Awakened
 10862 | D:10     | Learned a level 6 spell: Statue Form
 10864 | D:10     | Learned a level 1 spell: Animate Skeleton
 11059 | D:13     | Noticed Urug
 11069 | D:13     | Killed Urug
 11069 | D:13     | Reached skill level 1 in Transmutations
 11069 | D:13     | Reached skill level 1 in Earth Magic
 11308 | D:13     | Reached XP level 16. HP: 96/96 MP: 22/25
 11509 | D:13     | Learned a level 1 spell: Apportation
 11515 | D:13     | Identified Sif Muna's Papyrus of Nature (You found it on level 13 of the Dungeon)
 11688 | D:15     | Entered Level 15 of the Dungeon
 11702 | D:15     | Noticed Louise
 11709 | D:15     | Killed Louise
 11806 | D:14     | Gained mutation: You cannot read scrolls while threatened. [Ru sacrifice]
 11806 | D:14     | Reached * piety under Ru
 11858 | D:14     | Found a gate to the Vaults.
 11876 | D:15     | Found a basalt altar of Yredelemnul.
 11897 | D:14     | Got a polished scale mail
 11908 | D:14     | Identified the +5 scale mail of Awe {rPois rF+ Regen+} (You found it on level 14 of the Dungeon)
 12386 | D:15     | Found a staircase to the Depths.
 13302 | Lair:5   | Reached skill level 5 in Unarmed Combat
 13320 | Lair:5   | Reached skill level 5 in Earth Magic
 13480 | Shoals:3 | Gained mutation: You are dopey. (Int -2) [mutagenic glow]
 13620 | Shoals:3 | Reached skill level 5 in Transmutations
 13657 | Shoals:3 | Gained mutation: You are resistant to hostile enchantments. [mutagenic glow]
 13673 | Shoals:3 | Gained mutation: Scrolls take you a little longer to read. [mutagenic glow]
 13674 | Shoals:3 | Lost mutation: You are dopey. (Int -2) [potion of cure mutation]
 13674 | Shoals:3 | Lost mutation: You are resistant to hostile enchantments. [potion of cure mutation]
 13674 | Shoals:3 | Lost mutation: Scrolls take you a little longer to read. [potion of cure mutation]
 13792 | Shoals:4 | Killed Polyphemus
 13810 | Shoals:4 | Slain by a merfolk impaler

Skill      XL: |  1  2  3  4  5  6  7  8  9 10 11 12 13 14 15 16 |
---------------+-------------------------------------------------+-----
Stealth        | 6 7 8 9 10 11 12 13 14 15 16 18 | 18.1
Short Blades   | 4 6 8 10 | 10.0
Dodging        | 2 5 7 8 9 11 13 | 13.0
Evocations     | 6 11 | 11.4
Fighting       | 5 7 8 9 |  9.6
Throwing       | 3 4 |  4.4
Hexes          | 5 7 |  7.3
Spellcasting   | 4 6 |  6.0
Conjurations   | 3 4 |  4.8
Shields        | 2 3 |  3.0
Invocations    | 5 8 |  8.8
Unarmed Combat | 2 5 |  5.9
Transmutations | 1 5 |  5.4
Earth Magic    | 2 5 |  5.7

Action                   |  1- 3 |  4- 6 |  7- 9 | 10-12 | 13-15 | 16-18 || total
-------------------------+-------+-------+-------+-------+-------+-------++-------
Melee: Dagger            |    63 |   134 |   125 |   518 |   717 |   350 ||  1907
 Fire: Blowgun           |    29 |    23 |    15 |    30 |    46 |       ||   143
Throw: Throwing net      |     2 |     5 |       |    16 |    18 |     4 ||    45
 Cast: Dazzling Spray    |       |       |       |    13 |   135 |    33 ||   181
       Apportation       |       |       |       |       |       |     5 ||     5
       Animate Skeleton  |       |       |       |       |       |     1 ||     1
Invok: Donate Gold       |       |       |     1 |       |       |       ||     1
       Vitalisation      |       |       |       |     2 |     5 |       ||     7
       Recite            |       |       |       |     2 |     9 |       ||    11
       Sanctuary         |       |       |       |       |     5 |       ||     5
       Sacrifice Words   |       |       |       |       |       |     1 ||     1
 Abil: Evoke Invisibilit |       |       |     4 |    15 |    31 |    12 ||    62
       Turn Visible      |       |       |       |       |     5 |     3 ||     8
       Evoke Flight      |       |       |       |       |    11 |     2 ||    13
       Stop Flying       |       |       |       |       |     1 |       ||     1
Evoke: Wand              |       |       |       |    22 |    76 |     2 ||   100
       Rod               |       |       |       |     7 |     3 |       ||    10
       Lamp of fire      |       |       |       |     1 |     2 |     1 ||     4
       Phial of floods   |       |       |       |       |     2 |     2 ||     4
       Deck              |       |       |       |       |     1 |     1 ||     2
  Use: Scroll            |       |     4 |     7 |     8 |    17 |     7 ||    43
       Potion            |       |     2 |       |       |     4 |     7 ||    13
 Stab: Sleeping          |     1 |     9 |    18 |    79 |    64 |    37 ||   208
       Held in net/web   |     1 |     4 |       |     8 |     8 |     2 ||    23
       Distracted        |       |     1 |     2 |     3 |     8 |     2 ||    16
       Confused          |       |     1 |       |     7 |    18 |       ||    26
       Invisible         |       |       |     8 |    46 |   122 |    32 ||   208
       Paralysed         |       |       |       |     1 |     7 |       ||     8
  Eat: Meat ration       |       |       |     1 |       |       |       ||     1
       Chunk             |       |       |     7 |    18 |    35 |    19 ||    79
       Beef jerky        |       |       |       |     1 |     2 |       ||     3
       Pizza             |       |       |       |       |     4 |       ||     4
Armor: Robe              |    26 |    25 |    18 |    24 |       |       ||    93
       Leather armour    |       |       |       |     5 |    42 |     5 ||    52
       Scale mail        |       |       |       |       |       |    67 ||    67
Dodge: Dodged            |    59 |    79 |    61 |   251 |   415 |   173 ||  1038
Block: Buckler           |       |       |    14 |    62 |   155 |    83 ||   314
       Reflection        |       |       |       |       |       |     1 ||     1
